 Dungeon Crawl Stone Soup version 0.30-a0-137-gd8773701ce (webtiles) character file.

Game seed: 14062400526083744540

32 KennySheep the Gusty (level 3, 0/20 HPs)
             Began as a Tengu Air Elementalist on Sept 24, 2022.
             Was a Believer of Ru.
             Slain by a jackal (3 damage)
             ... on level 2 of the Dungeon.
             The game lasted 00:06:40 (1399 turns).

KennySheep the Gusty (Tengu Air Elementalist)       Turns: 1399, Time: 00:06:41

Health: 0/20       AC:  2    Str:  8    XL:     3   Next: 27%
Magic:  4/7        EV: 12    Int: 17    God:    Ru [**....]
Gold:   75         SH:  0    Dex: 14    Spells: 5/6 levels left

rFire   . . .      SeeInvis .    (no weapon)
rCold   . . .      Faith    .    (no shield)
rNeg    . . .      Spirit   .    a - +0 robe
rPois   .          Reflect  .    (helmet restricted)
rElec   .          Harm     .    (no cloak)
rCorr   .          Rampage  .    (no gloves)
Will    .....                    (boots unavailable)
Stlth   ++........               (no amulet)
HPRegen 0.06/turn                (no ring)
MPRegen 0.10/turn                (no ring)

@: no status effects
A: beak, talons 3, inability to use devices
a: Renounce Religion


You were on level 2 of the Dungeon.
You worshipped Ru.
Ru was pleased with you.
You visited 1 branch of the dungeon, and saw 2 of its levels.

You collected 75 gold pieces.

Inventory:

Armour
 a - a +0 robe (worn)
Scrolls
 f - a scroll of teleportation
 g - 3 scrolls of noise
Potions
 b - a potion of magic
 c - a potion of heal wounds
 d - a potion of might {unknown}
 e - a potion of brilliance {unknown}
 j - a potion of invisibility {unknown}
 k - a potion of flight {unknown}
 l - 2 potions of lignification {unknown}


   Skills:
 + Level 0.7 Fighting
 - Level 2.1 Dodging
 + Level 2.3 Stealth
 + Level 2.2 Spellcasting
 * Level 2.5 Conjurations
 * Level 4.5 Air Magic


You had 5 spell levels left.
You knew the following spells:

 Your Spells              Type           Power      Damage    Failure   Level
a - Shock                 Conj/Air       52%        1d6       4%          1

Your spell library contained the following spells:

 Spells                   Type           Power      Damage    Failure   Level
 Static Discharge         Conj/Air       26%        2-4/arc   7%          2
 Swiftness                Air            17%        N/A       9%          3
 Airstrike                Air            8%         2d(2-18)  28%         4


Dungeon Overview and Level Annotations

Branches:
Dungeon (2/15)

Altars:
Ru


Innate Abilities, Weirdness & Mutations

You have a beak for a mouth.
You have claws for feet.
You cannot study or use magical devices.


Message History

You are frozen.
Aiming: Shock (safe; 4% risk of failure)
Press: ? - help, Q - select action Shift-Dir - straight line The zap hits the jackal.
You kill the jackal!
The zap hits the dart slug.
The dart slug is heavily wounded.
The bat hits you.
The endoplasm is stunned by your conviction and fails to attack.
You closely miss the jackal. Your kick misses the jackal.
Your peck misses the jackal. The jackal bites you. x2
The bat barely misses you. The jackal misses you. The endoplasm freezes you.
You are frozen.
* * * LOW HITPOINT WARNING * * *
The jackal barely misses you. The endoplasm attacks as you move away!
The endoplasm barely misses you. The bat misses you.
The jackal barely misses you. The jackal attacks as you move away!
The jackal closely misses you. The jackal barely misses you.
The goblin barely misses you. The jackal closely misses you.
The bat closely misses you.
The jackal bites you but does no damage.
The jackal closely misses you. The jackal attacks as you move away!
The jackal is stunned by your conviction and fails to attack.
The goblin hits you with a +0 dagger.
* * * LOW HITPOINT WARNING * * *
The bat closely misses you.
You see here 9 stones.
The goblin attacks as you move away! The goblin barely misses you.
The bat attacks as you move away! The bat hits you but does no damage. x2
The jackal bites you.
* * * LOW HITPOINT WARNING * * *
The goblin closely misses you. The goblin attacks as you move away!
You redirect the goblin's attack!
The goblin hits the jackal with a +0 dagger.
The bat barely misses you. The jackal attacks as you move away!
The jackal bites you.
You die...

## .# .# ##.
#.. ###.####
#......#
##..@...#
###..hb...#
####..gh.g...#
.....#..J.####
####..(####
.........h.#
##
....##/.hJ.#
..# ....
#..>..# ...#
....##.<.w†#
....#


You could see an endoplasm, 2 jackals, 2 goblins and a bat.

Vanquished Creatures
  2 dart slugs (D:1)
  2 ball pythons (D:1)
  An endoplasm (D:1)
  A giant cockroach (D:1)
  2 goblins
  3 hobgoblins (D:1)
  5 jackals
  A kobold (D:1)
  A quokka (D:1)
  3 bats
  2 frilled lizards (D:1)
  3 rats (D:1)
26 creatures vanquished.

Vanquished Creatures (others)
  A fungus (D:1)
  A plant (D:1)
2 creatures vanquished.

Grand Total: 28 creatures vanquished

Notes
Turn   | Place    | Note
-------+----------+-------------------------------------------
     0 | D:1      | KennySheep the Tengu Air Elementalist began the quest for
                  | the Orb.
     0 | D:1      | Reached XP level 1. HP: 10/10 MP: 4/4
   291 | D:1      | Found a faded altar of an unknown god.
   296 | D:1      | Prayed at the altar of an unknown god.
   296 | D:1      | Became a worshipper of Ru the Awakened
   315 | D:1      | Gained mutation: You cannot study or use magical devices.
                  | [Ru sacrifice]
   315 | D:1      | Reached * piety under Ru
   315 | D:1      | Reached ** piety under Ru
   396 | D:1      | Reached XP level 2. HP: 16/16 MP: 3/6
   973 | D:1      | Reached XP level 3. HP: 20/20 MP: 4/7
  1399 | D:2      | Slain by a jackal

Illustrated notes

Levels and vault maps discovered:
D:1:      mrwooster_arrival_statue_3, layout_loops_ring,
          shapermc_ecumenical_altar_petra, dk_noncrumbling_2
D:2:      layout_rooms, basic_altar

Skill      XL: |  1  2 |
---------------+-------+-----
Conjurations   | 2 |  2.5
Fighting       | |  0.7
Dodging        | |  2.1
Stealth        | |  2.3
Spellcasting   | |  2.2
Air Magic      | |  4.5

Action                   || total
-------------------------++-------
Melee: Unarmed           ||     4
       Peck              ||     1
 Cast: Shock             ||    51
Invok: Sacrifice Artific ||     1
  Use: Scroll            ||     4
Armor: Robe              ||     9
Dodge: Dodged            ||    37

Table legend: (Time is in decaauts)
 A = Elapsed time spent in this place.
 B = Non-inter-level travel time spent in this place.
 C = Inter-level travel time spent in this place.
 D = Time resting spent in this place.
 E = Time spent auto-exploring this place.
 F = Levels seen in this place.
 G = Mean time per level.
                   A        B        C        D        E       F      G
               +--------+--------+--------+--------+--------+-----+--------+
         Total |   1398 |   1352 |     46 |    100 |   1096 |   2 |  699.0 |
       Dungeon |   1398 |   1352 |     46 |    100 |   1096 |   2 |  699.0 |
               +--------+--------+--------+--------+--------+-----+--------+

Top non-repeatable levels by time:
     D:1: 1379 daAuts
     D:2: 19 daAuts
